 Dungeon Sprint DCSS version 0.17-a0-1987-gaf5a542 (webtiles) character file.

24937 DEFE the Tortoise (level 12, -3/132 HPs)
             Began as a Deep Dwarf Fighter on Oct 6, 2015.
             Was the Champion of Makhleb.
             Slain by a spriggan berserker
             ... wielding a +0 antimagic rapier
              (24 damage)
             ... in the Dungeon (Sprint V: "Ziggurat Sprint").
             The game lasted 00:05:22 (604 turns).

DEFE the Tortoise (Deep Dwarf Fighter)               Turns: 604, Time: 00:05:22

Health: -3/132     AC: 34    Str: 25    XL:     12   Next: 85%
Magic:  0/11       EV: 10    Int:  9    God:    Makhleb [******]
Gold:   0          SH:  0    Dex: 12    Spells: 0 memorised, 11 levels left

rFire  + + .     SeeInvis +     L - +9 executioner's axe (chop)
rCold  + + .     Clarity  .     c - +5 gold dragon armour
rNeg   + . .     SustAt   .     (no shield)
rPois  +         Gourm    .     P - +2 helmet {SInv}
rElec  .         Spirit   .     (no cloak)
rCorr  .         Warding  +     (no gloves)
rMut   .         NoTele   +     (no boots)
MR     +....                    O - brooch of Shielding {Ward rN+ AC+4 EV+4}
Stlth  ..........               N - ring "Numus" {rF+ SInv}
                                b - ring of protection from cold

@: afraid, very slightly contaminated, non-regenerating, hasted, very quick,
somewhat resistant to hostile enchantments, extremely unstealthy
A: damage resistance, recharge devices, sense surroundings 2, slow regeneration
3
a: Device Recharging, Minor Destruction, Lesser Servant of Makhleb, Major
Destruction, Greater Servant of Makhleb, Renounce Religion


You were in the Dungeon.
You worshipped Makhleb.
Makhleb was exalted by your worship.
You were not hungry.

You visited 1 branch

Inventory:

Hand Weapons
 a - a +0 war axe
 L - a +9 executioner's axe of chopping (weapon)
Armour
 c - a +5 gold dragon armour (worn)
 M - the +18 shield of the gong {rElec rN+ MR+ EV-5}
   (You found it in the Dungeon)

   It affects your evasion (-5).
   It insulates you from electricity.
   It protects you from negative energy.
   It affects your resistance to hostile enchantments.
 P - a +2 helmet of see invisible (worn)
Jewellery
 b - a ring of protection from cold (left hand)
 u - an uncursed amulet of clarity
 y - a +6 ring of dexterity
 B - a +6 ring of dexterity
 C - a +6 ring of intelligence
 D - a +6 ring of intelligence
 E - a +6 ring of strength
 F - a +6 ring of strength
 N - the ring "Numus" (right hand) {rF+ SInv}
   (You found it in the Dungeon)

   [ring of protection from fire]

   It protects you from fire.
   It lets you see invisible.
 O - the brooch of Shielding (around neck) {Ward rN+ AC+4 EV+4}
   (You found it in the Dungeon)

   [amulet of warding]

   It may prevent the melee attacks of summoned creatures.
   It affects your AC (+4).
   It affects your evasion (+4).
   It protects you from negative energy.
Wands
 e - a wand of heal wounds (5)
 G - a wand of disintegration (7)
 H - a wand of fire (5)
 I - a wand of cold (5)
 J - a wand of draining (5)
Scrolls
 l - 4 scrolls of blinking
 r - 4 scrolls of amnesia
 s - 3 scrolls of recharging
 t - 7 scrolls of fog
 v - 5 scrolls of identify
 w - 5 scrolls of remove curse
 x - 2 scrolls of fear
Potions
 d - 6 potions of might
 g - 10 potions of curing
 h - 4 potions of heal wounds
 i - a potion of haste
 j - 7 potions of magic
 k - 3 potions of berserk rage
 m - 2 potions of brilliance
 n - 2 potions of invisibility
 o - 4 potions of resistance
 q - 5 potions of agility
Miscellaneous
 K - a disc of storms
Comestibles
 f - 5 bread rations
 p - 3 royal jellies
 z - 42 fruits
 A - 4 meat rations


   Skills:
 + Level 15.5 Fighting
 + Level 17.7 Axes
 + Level 18.0 Armour
 + Level 18.0 Shields


You had 11 spell levels left.
You didn't know any spells.

Dungeon Overview and Level Annotations

Branches:
Dungeon (1/1)

Altars:
Ashenzari
Cheibriados
Dithmenos
Elyvilon
Fedhas
Gozag
Kikubaaqudgha
Makhleb
Nemelex Xobeh
Okawaru
Qazlal
Ru
Sif Muna
Trog
Vehumet
Xom
Yredelemnul
Zin
The Shining One
Beogh
Jiyva
Lugonu


Innate Abilities, Weirdness & Mutations

You are resistant to damage.
You can recharge devices by infusing magical energy.
You passively map the area around you.
You do not regenerate naturally.


Message History

The death yak gores you!!
* * * LOW HITPOINT WARNING * * *
The spriggan rider hits you from afar with a spear.
The spriggan rider hits you from afar with a spear!
* * * LOW HITPOINT WARNING * * *
Unknown command.
You closely miss the spriggan berserker.
The spriggan berserker is severely wounded.
You hit the death yak but do no damage.
The death yak is lightly wounded.
Your gold dragon armour prevents you from hitting the hornet.
You slash the spriggan air mage!
The spriggan air mage is moderately wounded.
You slice the spriggan berserker!!
The spriggan berserker is heavily wounded.
The spriggan berserker hits you with the +1 hand axe of the Boiling Point {freeze, rPois rF++ Int-3}.
* * * LOW HITPOINT WARNING * * *
The spriggan air mage barely misses you.
The spriggan berserker hits you with an antimagic rapier!!
You die...

, ▓....8©8....▓▓.8©8.▓.8
, ,,,
▓..::):|=...▓▓.}}}.▓.: ,
,▓..|)k)))}..▓▓..:..▓..
,▓...........▓▓.....▓.†
, ,
▓...........▓▓.....▓..
▓....ck.....▓▓.††..▓.. ,
,▓..iiYkY....▓▓.†...▓..
, ,
,▓...Yii.....▓▓▓▓▓▓▓▓▓▓
, ,
,,▓..▓y@i..▓..▓..8©8...▓
,,,,
,,▓..i..(.....▓...))...▓
, ▓...........▓....)...▓
,
,▓▓▓▓▓▓▓▓▓▓▓▓▓........▓
▓....8©8....▓....†...▓ *
** *
▓...:...|)..▓........▓
,▓...).=.)...▓........▓
, ▓...........▓▓▓▓▓▓▓▓▓▓
, ,, ,
▓...........▓...8©8...


You could see an apis, a dire elephant, a death yak (berserk), a death drake, a
satyr, 2 spriggan riders, 2 wind drakes, 2 spriggan berserkers, a spriggan air
mage, a hornet (roused) and a spriggan druid (roused).

Vanquished Creatures
  A greater mummy (D)
  2 azure jellies (D)
  A blizzard demon (D)
  A mummy priest (D)
  4 death oozes (D)
  4 ice dragons (D)
  An anaconda (D)
  An orb spider (D)
  2 wolf spiders (D)
  An anubis guard (D)
  2 hornets (D)
  A black mamba (D)
  A torpor snail (D)
  A naga mage (D)
  A jumping spider (D)
  2 fire drakes (D)
  2 guardian mummies (D)
  A polar bear (D)
  5 merfolk (D)
  2 freezing wraiths (D)
  4 slime creatures (D)
  2 redbacks (D)
  3 tarantellas (D)
  2 steam dragons (D)
  2 yaks (D)
  A porcupine (D)
  2 water moccasins (D)
  2 nagas (D)
  An ice beast (D)
  3 phantoms (D)
  A spider (D)
  3 wasps (D)
  A necrophage (D)
  A crocodile (D)
  4 scorpions (D)
  4 wights (D)
  A jelly (D)
  2 orc priests (D)
  An iguana (D)
  4 mummies (D)
  2 adders (D)
  A shadow imp (D)
  A white imp (D)
  A giant eyeball (D)
  An ooze (D)
  2 adder skeletons (D)
  An adder zombie (D)
  2 adder simulacra (D)
  An orc (D)
  3 bat skeletons (D)
  A bat zombie (D)
  A jackal (D)
  3 ball pythons (D)
  A bat simulacrum (D)
  A jackal simulacrum (D)
102 creatures vanquished.

Notes
Turn   | Place    | Note
--------------------------------------------------------------
     0 | D        | DEFE the Deep Dwarf Fighter began the quest for the Orb.
     0 | D        | Reached XP level 1. HP: 20/20 MP: 1/1
     0 | D        | Found an iron altar of Okawaru.
     0 | D        | Found a burning altar of Makhleb.
     0 | D        | Found a radiant altar of Vehumet.
     0 | D        | Found a deep blue altar of Sif Muna.
     0 | D        | Found a shimmering altar of Xom.
    23 | D        | Found a roughly hewn altar of Beogh.
    23 | D        | Found a viscous altar of Jiyva.
    23 | D        | Found a corrupted altar of Lugonu.
    23 | D        | Found a white marble altar of Elyvilon.
    23 | D        | Found a sparkling altar of Nemelex Xobeh.
    24 | D        | Found a bloodstained altar of Trog.
    70 | D        | Became a worshipper of Makhleb the Destroyer
    77 | D        | Entered arena 1.
    79 | D        | Reached skill level 4 in Armour
    80 | D        | Reached XP level 2. HP: 26/28 MP: 2/2
    82 | D        | Reached skill level 5 in Fighting
    82 | D        | Reached skill level 5 in Axes
    82 | D        | Reached skill level 6 in Armour
    82 | D        | Reached XP level 3. HP: 31/39 MP: 3/3
    86 | D        | Entered arena 2.
    86 | D        | Noticed an orc priest
    86 | D        | Noticed an orc priest
    90 | D        | Acquired Makhleb's first power
    93 | D        | Killed an orc priest
    93 | D        | Reached XP level 4. HP: 34/46 MP: 4/4
    97 | D        | Killed an orc priest
    97 | D        | Acquired Makhleb's second power
    97 | D        | Reached skill level 7 in Armour
   104 | D        | Entered arena 3.
   104 | D        | Noticed a fire drake
   104 | D        | Noticed a steam dragon
   104 | D        | Noticed a steam dragon
   104 | D        | Noticed a fire drake
   111 | D        | Killed a steam dragon
   111 | D        | Reached skill level 8 in Armour
   111 | D        | Reached XP level 5. HP: 49/56 MP: 5/5
   112 | D        | Killed a fire drake
   112 | D        | Reached skill level 9 in Armour
   112 | D        | Reached XP level 6. HP: 54/66 MP: 6/6
   112 | D        | Killed a steam dragon
   112 | D        | Acquired Makhleb's third power
   112 | D        | Reached XP level 7. HP: 64/74 MP: 7/7
   114 | D        | Killed a fire drake
   114 | D        | Reached skill level 10 in Armour
   114 | D        | Reached skill level 10 in Shields
   120 | D        | Entered arena 4.
   120 | D        | Noticed a water moccasin
   120 | D        | Noticed a naga
   125 | D        | Acquired Makhleb's fourth power
   127 | D        | Killed a water moccasin
   129 | D        | Killed a naga
   129 | D        | Reached XP level 8. HP: 84/84 MP: 8/8
   134 | D        | Got the ring "Numus" {rF+ SInv}
   140 | D        | Entered arena 5.
   140 | D        | Noticed a merfolk
   140 | D        | Noticed a merfolk
   140 | D        | Noticed a merfolk
   140 | D        | Noticed a merfolk
   140 | D        | Noticed a merfolk
   146 | D        | Killed a merfolk
   146 | D        | Reached skill level 10 in Axes
   149 | D        | Killed a merfolk
   149 | D        | Acquired Makhleb's fifth power
   149 | D        | Reached skill level 11 in Armour
   151 | D        | Killed a merfolk
   155 | D        | Killed a merfolk
   156 | D        | Killed a merfolk
   156 | D        | Reached skill level 10 in Fighting
   156 | D        | Gained mutation: You passively map the area around you. [Deep Dwarf growth]
   156 | D        | Reached XP level 9. HP: 93/93 MP: 9/9
   198 | D        | Entered arena 6.
   198 | D        | Noticed a crocodile
   198 | D        | Noticed a yak
   198 | D        | Noticed a porcupine
   198 | D        | Noticed a yak
   198 | D        | Noticed an iguana
   201 | D        | Killed an iguana
   202 | D        | Killed a yak
   202 | D        | Reached skill level 12 in Armour
   203 | D        | Killed a porcupine
   205 | D        | Killed a crocodile
   207 | D        | Killed a yak
   221 | D        | Entered arena 7.
   221 | D        | Noticed a wight
   221 | D        | Noticed a phantom
   221 | D        | Noticed a necrophage
   221 | D        | Noticed a phantom
   227 | D        | Killed a wight
   228 | D        | Killed a necrophage
   233 | D        | Killed a phantom
   235 | D        | Killed a phantom
   242 | D        | Entered arena 8.
   242 | D        | Noticed a naga
   242 | D        | Noticed a black mamba
   242 | D        | Noticed a water moccasin
   242 | D        | Noticed a naga mage
   245 | D        | Killed a water moccasin
   248 | D        | Killed a naga mage
   250 | D        | Killed a naga
   254 | D        | Killed a black mamba
   254 | D        | Reached skill level 13 in Shields
   265 | D        | Entered arena 9.
   265 | D        | Noticed a scorpion
   265 | D        | Noticed a wolf spider
   265 | D        | Noticed a scorpion
   265 | D        | Noticed a jumping spider
   265 | D        | Noticed a redback
   265 | D        | Noticed a scorpion
   265 | D        | Noticed a tarantella
   265 | D        | Noticed a scorpion
   268 | D        | Killed a scorpion
   271 | D        | Killed a redback
   271 | D        | Reached XP level 10. HP: 80/104 MP: 10/10
   271 | D        | Killed a scorpion
   271 | D        | Killed a jumping spider
   273 | D        | Killed a scorpion
   274 | D        | Killed a wolf spider
   275 | D        | Killed a tarantella
   281 | D        | Killed a scorpion
   291 | D        | Entered arena 10.
   291 | D        | Noticed a wight
   291 | D        | Noticed a wight
   291 | D        | Noticed a wight
   291 | D        | Noticed a phantom
   296 | D        | Killed a phantom
   296 | D        | Killed a wight
   297 | D        | Killed a wight
   300 | D        | Killed a wight
   330 | D        | Entered arena 11.
   330 | D        | Noticed an anubis guard
   330 | D        | Noticed a greater mummy
   330 | D        | Noticed a guardian mummy
   330 | D        | Noticed a guardian mummy
   331 | D        | Noticed a mummy priest
   339 | D        | Noticed a mana viper
   339 | D        | Noticed a mana viper
   339 | D        | Killed a guardian mummy
   341 | D        | Noticed a jiangshi
   341 | D        | Noticed a phantasmal warrior
   343 | D        | Killed a guardian mummy
   344 | D        | Killed an anubis guard
   344 | D        | Reached skill level 14 in Armour
   350 | D        | Noticed a mana viper
   350 | D        | Noticed a mana viper
   350 | D        | Noticed a mana viper
   350 | D        | Noticed a mana viper
   351 | D        | Killed a phantasmal warrior
   351 | D        | Killed a mana viper
   352 | D        | Killed a mummy priest
   356 | D        | Killed a mana viper
   357 | D        | Noticed a mana viper
   357 | D        | Noticed a mana viper
   359 | D        | Killed a greater mummy
   359 | D        | Reached skill level 15 in Axes
   359 | D        | Reached skill level 15 in Armour
   359 | D        | Reached skill level 15 in Shields
   359 | D        | Reached XP level 11. HP: 87/117 MP: 0/11
   359 | D        | Noticed a reaper
   362 | D        | Killed a reaper
   450 | D        | Entered arena 12.
   450 | D        | Noticed an orb spider
   450 | D        | Noticed a torpor snail
   450 | D        | Noticed a wasp
   450 | D        | Noticed a wolf spider
   450 | D        | Noticed a wasp
   451 | D        | Noticed a wasp
   451 | D        | Noticed a tarantella
   451 | D        | Noticed a redback
   451 | D        | Noticed a hornet
   451 | D        | Noticed a spider
   451 | D        | Noticed a tarantella
   457 | D        | Killed a spider
   458 | D        | Killed a wolf spider
   459 | D        | Killed a tarantella
   460 | D        | Killed a wasp
   461 | D        | Killed a wasp
   462 | D        | Killed a redback
   462 | D        | Killed a wasp
   464 | D        | Killed a hornet
   465 | D        | Killed a tarantella
   473 | D        | Killed a torpor snail
   473 | D        | Reached skill level 16 in Shields
   502 | D        | Killed an orb spider
   506 | D        | Entered arena 13.
   507 | D        | Noticed an ice dragon
   507 | D        | Noticed an ice dragon
   507 | D        | Noticed a freezing wraith
   507 | D        | Noticed a blizzard demon
   508 | D        | Noticed an ice dragon
   508 | D        | Noticed a polar bear
   508 | D        | Noticed an ice dragon
   508 | D        | Noticed an ice beast
   508 | D        | Noticed a freezing wraith
   519 | D        | Killed an ice dragon
   520 | D        | Killed a polar bear
   522 | D        | Killed an ice dragon
   523 | D        | Killed an ice dragon
   523 | D        | Reached XP level 12. HP: 48/128 MP: 11/11
   526 | D        | Killed a blizzard demon
   528 | D        | Killed a freezing wraith
   530 | D        | Killed a freezing wraith
   535 | D        | Killed an ice dragon
   535 | D        | Killed an ice beast
   557 | D        | Entered arena 14.
   558 | D        | Noticed a death ooze
   558 | D        | Noticed a slime creature
   558 | D        | Noticed a jelly
   558 | D        | Noticed a slime creature
   558 | D        | Noticed an azure jelly
   559 | D        | Noticed a slime creature
   559 | D        | Noticed a death ooze
   559 | D        | Noticed a death ooze
   559 | D        | Noticed a death ooze
   559 | D        | Noticed a slime creature
   559 | D        | Noticed an azure jelly
   563 | D        | Killed a death ooze
   563 | D        | Reached skill level 17 in Shields
   564 | D        | Killed a slime creature
   566 | D        | Killed a jelly
   570 | D        | Killed an azure jelly
   570 | D        | Killed an azure jelly
   570 | D        | Reached skill level 15 in Fighting
   570 | D        | Killed a slime creature
   571 | D        | Killed a death ooze
   571 | D        | Killed a slime creature
   571 | D        | Killed a slime creature
   573 | D        | Killed a death ooze
   574 | D        | Killed a death ooze
   593 | D        | Entered arena 15.
   594 | D        | Noticed a spriggan rider
   594 | D        | Noticed a satyr
   594 | D        | Noticed an anaconda
   594 | D        | Noticed a spriggan druid
   594 | D        | Noticed a spriggan berserker
   594 | D        | Noticed a spriggan berserker
   594 | D        | Noticed a wind drake
   595 | D        | Noticed a spriggan rider
   595 | D        | Noticed a wind drake
   595 | D        | Noticed an apis
   595 | D        | Noticed a dire elephant
   595 | D        | Noticed a hornet
   595 | D        | Noticed a hornet
   595 | D        | Noticed a spriggan air mage
   601 | D        | Killed an anaconda
   601 | D        | Reached skill level 18 in Shields
   603 | D        | Noticed a death drake
   603 | D        | Killed a hornet
   604 | D        | Slain by a spriggan berserker

Vault maps used:
D:        sprint_v

Action                   |  1- 3 |  4- 6 |  7- 9 | 10-12 || total
-------------------------+-------+-------+-------+-------++-------
Melee: Executioner's axe |     7 |    10 |    53 |   102 ||   172
 Abil: Device Recharging |       |       |       |     1 ||     1
Evoke: Wand              |     1 |     2 |       |     3 ||     6
  Use: Potion            |     1 |     1 |       |    11 ||    13
       Scroll            |       |       |     4 |     2 ||     6
